Map: Last Fantasy LE

Players

ManlyManMeat - Winner!

  • Race: Zerg Zerg
  • League: Diamond
  • Spawn Location: 7:00

VOD

Have the link to the VOD?

Description

Time

  • Played on: June 22, 2025, 2:28 p.m.
  • Length: 4:51
Show
View Real Time Build Order
Export as new Build Order

ManlyManMeat Zerg - Winner!

Build Orders:  

Get SALT Encoding   

  12  0:24  Spawning Pool  
  11  0:30  Drone  
  11  0:38  Drone  
  13  0:45  Drone  
  14  0:56  Drone, Extractor  
  15  1:04  Overlord  
  15  1:16  Extractor  
  14  1:30  Zergling x2  
  14  1:37  Zergling x2  
  16  1:45  Queen  
  16  1:49  Zergling x2  
  19  2:02  Zergling x2  
  20  2:16  Overlord  
  20  2:44  Zergling x2  
  21  2:52  Zergling x2  
  22  3:11  Zergling x2  
  22  3:14  Hatchery  
  21  3:23  Zergling x2  
  22  3:31  Zergling x6  
  25  3:45  Zergling x2  
  25  3:47  Metabolic Boost  
  26  3:57  Zergling x2  
  26  4:25  Zergling x2  
  26  4:26  Zergling x4  
Tags
 
League
Diamond
Matchup
Co-op
Replay Pack
Myownreplay2
Add a new tag
Caveats
  • Supply blocks, unpowered buildings, or Contaminate may cause inaccurate times.
  • Supply counts are checked every 10 seconds.